 Dungeon Crawl Stone Soup version 0.19.1 (webtiles) character file.

3001 theElss the Blocker (level 9, 0/55 HPs)
             Began as a Gargoyle Berserker on Dec 2, 2016.
             Was a High Priest of Trog.
             Slain by a wolf (3 damage)
             ... led by Grum
             ... on level 7 of the Dungeon.
             The game lasted 00:23:40 (8476 turns).

theElss the Blocker (Gargoyle Berserker)            Turns: 8476, Time: 00:23:40

Health: 0/55       AC: 14    Str: 24    XL:     9   Next: 84%
Magic:  9/9        EV:  9    Int:  8    God:    Trog [*****.]
Gold:   432        SH: 12    Dex:  9    Spells: 0 memorised, 8 levels left

rFire  . . .     SeeInvis .     x - +1 whip (flame)
rCold  + . .     Gourm    .     f - +0 scale mail
rNeg   + . .     Faith    .     C - +0 shield
rPois  ∞         Spirit   .     (no helmet)
rElec  +         Reflect  .     (no cloak)
rCorr  .         Harm     .     (no gloves)
MR     .....                    (no boots)
Stlth  ..........               (no amulet)
                                h - ring of protection from cold
                                a - +1 ring of protection

@: exhausted, fainting
A: negative energy resistance 1, electricity resistance, unbreathing,
petrification resistance, rot immunity, AC +5
a: Berserk, Trog's Hand, Brothers in Arms, Burn Spellbooks, Renounce Religion


You were on level 7 of the Dungeon.
You worshipped Trog.
Trog was extremely pleased with you.
You were fainting.

You visited 1 branch of the dungeon, and saw 8 of its levels.

You collected 432 gold pieces.

Inventory:

Hand Weapons
 x - a +1 whip of flaming (weapon)
Armour
 f - a +0 scale mail (worn)
 C - a +0 shield (worn)
Jewellery
 a - a +1 ring of protection (left hand)
 e - an uncursed ring of stealth
 h - a ring of protection from cold (right hand)
 m - an uncursed ring of resist corrosion
 o - an uncursed ring of fire
 E - an uncursed ring of ice
Scrolls
 b - a scroll of random uselessness {unknown}
 d - 2 scrolls of amnesia
 g - a scroll of recharging {unknown}
 j - 9 scrolls of remove curse
 s - 2 scrolls of magic mapping {unknown}
 t - a scroll of blinking {unknown}
 w - a scroll of enchant weapon {unknown}
 y - a scroll of noise {unknown}
 D - a scroll of brand weapon {unknown}
 F - a scroll of torment {unknown}
 J - a scroll of teleportation {unknown}
Potions
 i - a potion of lignification {unknown}
 l - 4 potions of curing
 n - a potion of agility {unknown}
 r - 2 potions of resistance
 u - 3 potions of haste
 A - a potion of cancellation {unknown}
 G - a potion of brilliance {unknown}
 H - a potion of heal wounds {unknown}
 K - a potion of flight {unknown}
Books
 v - a book of Cantrips

   Spells                             Type                      Level
   a - Confusing Touch                Hexes                        1
   b - Animate Skeleton               Necromancy                   1
   c - Summon Small Mammal            Summoning                    1
   d - Apportation                    Translocation                1
   Trog disapproves of the use of such an item.
 I - a book of Changes

   Spells                             Type                      Level
   a - Beastly Appendage              Transmutation                1
   b - Sticks to Snakes               Transmutation                2
   c - Spider Form                    Transmutation/Poison         3
   d - Ice Form                       Ice/Transmutation            4
   e - Blade Hands                    Transmutation                5
   Trog disapproves of the use of such an item.
Comestibles
 c - 9 bread rations
 k - a slice of pizza
 z - 4 fruits


   Skills:
 - Level 5.9 Fighting
 - Level 7.9 Maces & Flails
 - Level 6.2 Armour
 - Level 1.5 Dodging
 + Level 9.5 Shields


You had 8 spell levels left.
You didn't know any spells.

Dungeon Overview and Level Annotations

Branches:
Dungeon (8/15)             Temple (0/1) D:5
   Lair: D:8-11

Altars:
Cheibriados
Dithmenos
Elyvilon
Fedhas
Hepliaklqana
Kikubaaqudgha
Ru
Sif Muna
Uskayaw
Vehumet
Yredelemnul
Zin
The Shining One

Annotations:
D:4 exclusion: statue


Innate Abilities, Weirdness & Mutations

You are resistant to torment.
Your stone body is resilient. (AC +5)
You are immune to poison.
You resist negative energy. (rN+)
You are resistant to electric shocks. (rElec)
You can survive without breathing.
You are immune to petrification.
You are immune to rotting.


Message History

The wolf bites you but does no damage.
You climb upwards.
There is a stone staircase leading down here.
Unknown command.
Okay, then.
You're too hungry.
Unknown command.
The wolf bites you but does no damage. The wolf bites you.
* * * LOW HITPOINT WARNING * * *
Okay, then.
You start eating one of the 9 bread rations.
The wolf bites you but does no damage.
Keep eating?
You block the wolf's attack.
You continue eating.
You block the wolf's attack.
You continue eating.
You block the wolf's attack. The wolf bites you.
You die...

#..##....# #.# #.##
##.#####.# #.# #.# #.#
#.# #.# #.## #.# #.# #.#
##.# #.# #.# #.# ##.
#########.# #.# #.# ##
..##......# #># #.#
..##.....######.###.#####
..#.............@hh.....#
.[#..._...#####.###>.##.#
................# ##.##.#
.........######## #.##.#
.........# #[##.#########
##.#.###.# #[##..........
#.#.###.# #.############
#.#..##.# #.# #....
#.##.##.# #[########.##.


You could see 2 wolves.

Vanquished Creatures
  Pikel (D:6)
  Grum (D:8)
  Duvessa (D:5)
  3 sky beasts
  3 slaves (D:7)
  A wolf (D:8)
  3 ogres
  A centaur (D:7)
  A bullfrog (D:7)
  A gnoll sergeant (D:3)
  Dowan (D:5)
  2 scorpions
  5 wights (D:7)
  An orc priest (D:4)
  2 hounds (D:7)
  4 gnoll shamans (D:3)
  3 orc wizards
  A bullfrog skeleton (D:7)
  6 worker ants
  A hound zombie (D:5)
  A worker ant zombie (D:5)
  37 gnolls
  A howler monkey skeleton (D:6)
  14 adders
  A shadow imp (D:4)
  2 oozes (D:2)
  5 worms
  A dart slug (D:2)
  5 leopard geckos
  10 orcs
  7 ball pythons
  6 giant cockroaches
  10 hobgoblins
  14 jackals (D:3)
  7 quokkas
  8 bats
  5 frilled lizards
  5 goblins
  10 kobolds
  2 quokka skeletons
  4 rats
197 creatures vanquished.

Notes
Turn   | Place    | Note
-------+----------+-------------------------------------------
     0 | D:1      | theElss the Gargoyle Berserker began the quest for the Orb.
     0 | D:1      | Reached XP level 1. HP: 14/14 MP: 1/1
   443 | D:1      | Reached XP level 2. HP: 19/19 MP: 2/2
   786 | D:1      | Reached XP level 3. HP: 24/24 MP: 3/3
   988 | D:1      | Reached ** piety under Trog
  1294 | D:2      | Reached XP level 4. HP: 18/29 MP: 4/4
  2243 | D:3      | Reached XP level 5. HP: 33/34 MP: 5/5
  2295 | D:3      | Found a shadowy altar of Dithmenos.
  2341 | D:3      | Reached *** piety under Trog
  2586 | D:3      | Reached skill level 5 in Maces & Flails
  2586 | D:3      | Reached XP level 6. HP: 35/40 MP: 6/6
  3034 | D:3      | Reached skill level 5 in Fighting
  3376 | D:3      | Reached **** piety under Trog
  3387 | D:3      | Reached XP level 7. HP: 33/44 MP: 7/7
  4020 | D:3      | Reached skill level 5 in Armour
  4613 | D:4      | Reached XP level 8. HP: 46/50 MP: 8/8
  4923 | D:4      | Found a radiant altar of Vehumet.
  4981 | D:4      | Found an ancient bone altar of Kikubaaqudgha.
  5034 | D:5      | Entered Level 5 of the Dungeon
  5175 | D:5      | Noticed Duvessa
  5177 | D:5      | Noticed Dowan
  5180 | D:5      | Killed Duvessa
  5182 | D:5      | Killed Dowan
  5358 | D:5      | Found a hazy altar of Hepliaklqana.
  5475 | D:5      | Found a staircase to the Ecumenical Temple.
  5541 | D:5      | Found a sacrificial altar of Ru.
  5849 | D:6      | Found a hide-covered altar of Uskayaw.
  5928 | D:6      | Reached skill level 1 in Shields
  6018 | D:6      | Found a faded altar of an unknown god.
  6018 | D:6      | Found a faded altar of an unknown god.
  6023 | D:6      | Found a faded altar of an unknown god.
  6025 | D:6      | Found a snail-covered altar of Cheibriados.
  6026 | D:6      | Found a faded altar of an unknown god.
  6044 | D:6      | Reached skill level 2 in Shields
  6085 | D:6      | Noticed Pikel
  6640 | D:6      | Killed Pikel
  6640 | D:6      | Reached skill level 6 in Shields
  6640 | D:6      | Reached XP level 9. HP: 55/55 MP: 9/9
  6754 | D:6      | Noticed a dagger
  6756 | D:6      | Noticed a hand axe
  7010 | D:6      | Found a deep blue altar of Sif Muna.
  7203 | D:7      | Reached skill level 7 in Shields
  7376 | D:7      | Reached ***** piety under Trog
  7504 | D:7      | Reached skill level 8 in Shields
  7762 | D:7      | Found a basalt altar of Yredelemnul.
  7787 | D:7      | Found a blossoming altar of Fedhas.
  7966 | D:7      | Found a white marble altar of Elyvilon.
  7966 | D:7      | Found a glowing golden altar of the Shining One.
  7966 | D:7      | Found a glowing silver altar of Zin.
  8032 | D:8      | Noticed Grum
  8040 | D:8      | HP: 2/55 [bullfrog (5)]
  8320 | D:7      | Reached skill level 9 in Shields
  8441 | D:8      | Killed Grum
  8476 | D:7      | Slain by a wolf

Skill      XL: |  1  2  3  4  5  6  7  8  9 |
---------------+----------------------------+-----
Fighting       | 4 5 |  5.9
Maces & Flails | 4 5 6 7 |  7.9
Armour         | 3 4 5 6 |  6.2
Shields        | 6 9 |  9.5
Dodging        | |  1.5

Action                   |  1- 3 |  4- 6 |  7- 9 || total
-------------------------+-------+-------+-------++-------
Melee: Mace              |    95 |   317 |    95 ||   507
       Whip              |       |       |   526 ||   526
Invok: Berserk           |     2 |     4 |    11 ||    17
       Trog's Hand       |       |     1 |       ||     1
  Use: Scroll            |       |       |     7 ||     7
       Potion            |       |       |     1 ||     1
  Eat: Chunk             |     2 |    12 |    18 ||    32
       Meat ration       |       |       |     1 ||     1
       Beef jerky        |       |       |     1 ||     1
Armor: Animal skin       |    12 |       |       ||    12
       Scale mail        |    39 |   212 |   278 ||   529
Dodge: Dodged            |    64 |   210 |   205 ||   479
Block: Shield            |       |       |   157 ||   157
